 Dungeon Crawl Stone Soup version 0.18.1-5-g4a78601 (webtiles) character file.

190 inmateoo the Insei (level 5, -1/31 HPs)
             Began as a Tengu Transmuter on May 11, 2016.
             Was a Follower of Cheibriados.
             Killed by divine providence
             ... invoked by an orc priest
              (16 damage)
             ... on level 3 of the Dungeon.
             The game lasted 00:04:53 (3331 turns).

inmateoo the Insei (Tengu Transmuter)               Turns: 3331, Time: 00:04:54

Health: -1/31      AC:  5    Str: 13    XL:     5   Next: 69%
Magic:  6/9        EV: 12    Int: 16    God:    Cheibriados [*.....]
Gold:   201        SH:  0    Dex: 19    Spells: 2 memorised, 5 levels left

rFire  . . .     SeeInvis .       - Unarmed
rCold  . . .     Gourm    +     y - +0 ring mail
rNeg   . . .     Faith    .     (no shield)
rPois  .         Spirit   .     (helmet restricted)
rElec  .         Dismiss  .     (no cloak)
rCorr  .         Reflect  .     (no gloves)
SustAt .         Harm     .     (boots unavailable)
MR     .....                    q - amulet of the gourmand
Stlth  +.........               (no ring)
                                (no ring)

@: very slow, not resistant to hostile enchantments, very unstealthy
A: beak, talons 3, able to fly 1
a: Fly, Bend Time, Renounce Religion


You were on level 3 of the Dungeon.
You worshipped Cheibriados.
Cheibriados was aware of your devotion.
You were full.

You visited 1 branch of the dungeon, and saw 3 of its levels.

You collected 201 gold pieces.

Inventory:

Missiles
 a - 4 arrows
Armour
 o - a +1 scale mail
 y - a +0 ring mail (worn)
Jewellery
 q - an amulet of the gourmand (around neck)
Wands
 v - a wand of paralysis (10/24)
Scrolls
 b - a scroll of noise {unknown}
 f - a scroll of magic mapping
 j - 2 scrolls of identify
 p - 2 scrolls of remove curse
 u - a scroll of enchant armour
Potions
 e - 2 potions of haste
 g - 3 potions of degeneration {unknown}
 l - a potion of agility {unknown}
 m - a potion of ambrosia {unknown}
 n - 3 potions of might
 s - a potion of beneficial mutation
 t - a potion of berserk rage
Books
 c - a book of Changes

   Spells                             Type                      Level
   a - Beastly Appendage              Transmutation                1
   b - Sticks to Snakes               Transmutation                2
   c - Spider Form                    Transmutation/Poison         3
   d - Ice Form                       Ice/Transmutation            4
   e - Blade Hands                    Transmutation                5
Comestibles
 d - a bread ration
 k - 3 meat rations
 x - a royal jelly


   Skills:
 + Level 2.4 Fighting
 + Level 2.9 Dodging
 * Level 5.3 Unarmed Combat
 - Level 2.0 Spellcasting
 + Level 2.4 Transmutations


You had 5 spell levels left.
You knew the following spells:

 Your Spells              Type           Power        Failure   Level  Hunger
a - Beastly Appendage     Trmt           #.....       21%         1    #......
b - Sticks to Snakes      Trmt           #.......     30%         2    ###....


Dungeon Overview and Level Annotations

Branches:
Dungeon (3/15)

Altars:
Cheibriados
Dithmenos
Gozag
Nemelex Xobeh
Okawaru

Annotations:
D:2 Sigmund


Innate Abilities, Weirdness & Mutations

You have a beak for a mouth.
You have claws for feet.
You can fly.


Message History

Cheibriados raises the support of your attributes as your movement slows.
You swing at nothing.
The orc hits your ball python with an enchanted mace.
Your ball python bites the orc.
Your ball python barely misses the orc.
The orc misses your ball python.
Your ball python bites the orc.
Your ball python barely misses the orc.
Something hits your ball python.
Your ball python dies!
Casting: Sticks to Snakes
Confirm with . or Enter, or press ? or * to list all spells.
You create a snake!
You now have 4 arrows.
The orc priest calls down the wrath of Beogh upon you.
Beogh smites you!
The orc hits you with an enchanted mace.
You closely miss the orc. You claw the orc.
The orc is severely wounded.
The orc priest invokes the aid of Beogh against you.
Beogh smites you!
Ouch! That really hurt!
You die...

....# ##########
#.#####.#.#
....# #........#
#.........#
##### #........#
#######g###
#........#
#.....S.#
#........#
#g#######
#........# #.#
#........# #.#
#.......S# #.#
#..._...@####.#
#.......o.o...#
#........######
#........#
#........#
#........#
#........#
#######'########
#.# #....#


You could see an orc priest, an orc and a friendly ball python.

Vanquished Creatures
  Jessica (D:2)
  An orc wizard (D:3)
  2 worker ants (D:3)
  2 adders
  3 dart slugs
  A worm (D:1)
  6 giant geckos
  2 orcs (D:3)
  6 bats
  3 giant cockroaches
  4 hobgoblins
  3 jackals (D:3)
  7 kobolds
  3 quokkas (D:3)
  A ball python (D:1)
  5 giant newts
  6 goblins
  6 rats
62 creatures vanquished.

Vanquished Creatures (collateral kills)
  An orc (D:3)
1 creature vanquished.

Vanquished Creatures (others)
  A plant (D:3)
1 creature vanquished.

Grand Total: 64 creatures vanquished

Notes
Turn   | Place    | Note
--------------------------------------------------------------
     0 | D:1      | inmateoo the Tengu Transmuter began the quest for the Orb.
     0 | D:1      | Reached XP level 1. HP: 12/12 MP: 4/4
   272 | D:1      | Reached XP level 2. HP: 16/16 MP: 6/6
   456 | D:1      | Learned a level 2 spell: Sticks to Snakes
   488 | D:1      | Reached skill level 4 in Unarmed Combat
   854 | D:1      | Reached XP level 3. HP: 17/20 MP: 7/7
  1349 | D:2      | Noticed Sigmund
  1413 | D:2      | Found an opulent altar of Gozag.
  1439 | D:2      | Noticed Jessica
  1445 | D:2      | Killed Jessica
  1445 | D:2      | Reached XP level 4. HP: 22/26 MP: 8/8
  2418 | D:3      | Found a snail-covered altar of Cheibriados.
  2422 | D:3      | Found a sparkling altar of Nemelex Xobeh.
  2425 | D:3      | Found a shadowy altar of Dithmenos.
  2433 | D:3      | Became a worshipper of Cheibriados the Contemplative
  2654 | D:3      | Reached skill level 5 in Unarmed Combat
  2654 | D:3      | Gained mutation: You can fly. [Tengu growth]
  2654 | D:3      | Reached XP level 5. HP: 24/30 MP: 6/9
  2694 | D:3      | Found an iron altar of Okawaru.
  2776 | D:3      | Reached * piety under Cheibriados
  2796 | D:3      | Found a glowing drain.
  3331 | D:3      | Killed from afar by an orc priest

Skill      XL: |  1  2  3  4 |
---------------+-------------+-----
Unarmed Combat | 4 5 |  5.3
Fighting       | 2 |  2.4
Transmutations | 2 |  2.4
Dodging        | |  2.9
Spellcasting   | |  2.0

Action                   |  1- 3 |  4- 6 || total
-------------------------+-------+-------++-------
Melee: Unarmed           |    74 |   111 ||   185
       Kick              |    12 |    33 ||    45
       Peck              |    11 |    19 ||    30
       Headbutt          |     6 |     4 ||    10
       Punch             |     4 |       ||     4
 Cast: Beastly Appendage |     7 |     5 ||    12
       Sticks to Snakes  |     2 |     6 ||     8
 Abil: Fly               |       |     1 ||     1
Evoke: Wand              |       |     1 ||     1
  Use: Scroll            |       |    11 ||    11
 Stab: Sleeping          |     2 |     1 ||     3
       Paralysed         |       |     3 ||     3
       Distracted        |       |     1 ||     1
  Eat: Chunk             |     2 |    12 ||    14
Armor: Robe              |     8 |     6 ||    14
       Ring mail         |       |    15 ||    15
Dodge: Dodged            |    45 |    57 ||   102
